 Dungeon Crawl Stone Soup version 0.28.0-1-gb440e238dd (webtiles) character file.

Game seed: 1533488526707904458

11 kleptis the Stinger (level 2, 0/15 HPs)
             Began as a Gargoyle Venom Mage on Feb 21, 2022.
             Slain by a goblin (2 damage)
             ... on level 1 of the Dungeon.
             The game lasted 00:01:56 (248 turns).

kleptis the Stinger (Gargoyle Venom Mage)            Turns: 248, Time: 00:01:56

Health: 0/15       AC:  4    Str: 11    XL:     2   Next: 25%
Magic:  0/5        EV: 12    Int: 15    God:
Gold:   10         SH:  0    Dex: 10    Spells: 2/5 levels left

rFire   . . .      SeeInvis .   f - +0 dagger
rCold   . . .      Faith    .   (no shield)
rNeg    + . .      Spirit   .   a - +0 robe
rPois   ∞          Reflect  .   (no helmet)
rElec   +          Harm     .   (no cloak)
rCorr   .          Rampage  .   (no gloves)
Will    .....                   (no boots)
Stlth   ++........              (no amulet)
HPRegen 0.05/turn               (no ring)
MPRegen 0.09/turn               (no ring)

@: no status effects
A: sickness immunity, AC +2, negative energy resistance 1, electricity
resistance, torment resistance 1, petrification resistance
a: no special abilities


You were on level 1 of the Dungeon.
You visited 1 branch of the dungeon, and saw 1 of its levels.

You collected 10 gold pieces.

Inventory:

Hand Weapons
 c - a +0 mace
 f - a +0 dagger (weapon)
Missiles
 e - 26 arrows
 g - 11 stones
Armour
 a - a +0 robe (worn)
 b - a +0 robe
 d - +0 fire dragon scales


   Skills:
 + Level 1.9 Dodging
 + Level 2.5 Stealth
 + Level 2.0 Spellcasting
 + Level 0.7 Transmutations
 + Level 3.1 Poison Magic


You had 2 spell levels left.
You knew the following spells:

 Your Spells              Type           Power      Damage    Failure   Level
a - Sting                 Tmut/Pois      28%        1d4       10%         1
b - Poisonous Vapours     Pois/Air       12%        N/A       17%         2

Your spell library contained the following spells:

 Spells                   Type           Power      Damage    Failure   Level
 Mephitic Cloud           Conj/Pois/Air  4%         N/A       41%         3
 Olgreb's Toxic Radiance  Pois           11%        N/A       52%         4


Dungeon Overview and Level Annotations

Branches:
Dungeon (1/15)

Altars:

Shops:
D:1 :


Innate Abilities, Weirdness & Mutations

You are immune to sickness and miasma.
Your stone body is resilient. (AC +2)
You are immune to poison.
You resist negative energy. (rN+)
You are resistant to electric shocks. (rElec)
You are resistant to unholy torment.
You are immune to petrification.


Message History

You miscast Sting.
You are very lightly contaminated with residual magic.
Nothing appears to happen.
The endoplasm barely misses you.
Casting: Sting (safe; 10% risk of failure)
Confirm with . or Enter, or press ? or * to list all spells.
Aiming: Sting (safe; 10% risk of failure)
Press: ? - help, Shift-Dir - straight line, f/p - endoplasm
Aim: an endoplasm (severely wounded, poisoned, 97% to hit)
The sting hits the endoplasm.
The endoplasm partially resists.
The endoplasm is almost dead.
You kill the endoplasm!
The ball python misses you. x2
The ball python bites you but does no damage.
The ball python grabs you. The ball python constricts you.
You escape the ball python's grasp.
The goblin hits you with a +0 club.
Your magical contamination has completely faded away.
Casting: Sting (safe; 10% risk of failure)
Confirm with . or Enter, or press ? or * to list all spells.
You don't have enough magic to cast this spell.
The ball python bites you.
* * * LOW HITPOINT WARNING * * *
The ball python grabs you. The ball python constricts you.
You escape the ball python's grasp.
Casting: Sting (safe; 10% risk of failure)
Confirm with . or Enter, or press ? or * to list all spells.
Aiming: Poisonous Vapours (safe; 17% risk of failure)
Press: ? - help, Dir - move target, f - ball python
Aim: a ball python Poisonous vapours surround the ball python!
The ball python is poisoned.
The ball python closely misses you. x2
The goblin hits you with a +0 club.
* * * LOW HITPOINT WARNING * * *
You kill the ball python!
As you open the door, it creaks loudly!
A gnoll and a rat come into view.
The gnoll shouts!
An endoplasm comes into view.
The goblin hits you with a +0 club.
You die...

#........#
#........#
#........# +
#........# 8.
#........# .r.
#........# 8...
#.......##.....
#######g#8.....
#@'...g.J
###8..... .....
8... ... 8. +


You could see a gnoll, an endoplasm (wandering), a goblin and a rat.

Vanquished Creatures
  2 endoplasms (D:1)
  2 giant cockroaches (D:1)
  A goblin (D:1)
  A ball python (D:1)
  2 bats (D:1)
  A kobold (D:1)
  A rat (D:1)
10 creatures vanquished.

Notes
Turn   | Place    | Note
-------+----------+-------------------------------------------
     0 | D:1      | kleptis the Gargoyle Venom Mage began the quest for the
                  | Orb.
     0 | D:1      | Reached XP level 1. HP: 10/10 MP: 3/3
   128 | D:1      | Found Dokhioqut's Book Boutique.
   150 | D:1      | Reached XP level 2. HP: 8/15 MP: 5/5
   158 | D:1      | Learned a level 2 spell: Poisonous Vapours
   248 | D:1      | Slain by a goblin

Illustrated notes

Levels and vault maps discovered:
D:1:      nicolae_arrival_washed_ashore, layout_basic, serial_shops, shop,
          minivault_11, grunt_decor_junction, dk_noncrumbling_4

Action                   || total
-------------------------++-------
Melee: Dagger            ||    24
       Unarmed           ||     2
       Punch             ||     1
 Cast: Sting             ||     8
       Poisonous Vapours ||     1
Armor: Robe              ||    12
Dodge: Dodged            ||    26
